 Dungeon Crawl Stone Soup version 0.29-a0-515-g7c1fb6cc08 (webtiles) character file.

Game seed: 12434117880921911208

31 FunnyHarvester the Slasher (level 3, 0/29 HPs)
             Began as a Human Berserker on May 30, 2022.
             Was a Believer of Zin.
             Succumbed to a gnoll's poison
             ... on level 2 of the Dungeon.
             The game lasted 00:10:40 (1436 turns).

FunnyHarvester the Slasher (Human Berserker)        Turns: 1436, Time: 00:10:41

Health: 0/29       AC:  2    Str: 19    XL:     3   Next: 40%
Magic:  3/3        EV: 12    Int:  7    God:    Zin [**....]
Gold:   93         SH:  0    Dex: 12    Spells: 2/2 levels left

rFire   . . .      SeeInvis .   a - +0 falchion
rCold   . . .      Faith    .   (no shield)
rNeg    . . .      Spirit   .   b - +0 animal skin
rPois   .          Reflect  .   (no helmet)
rElec   .          Harm     .   (no cloak)
rCorr   .          Rampage  .   (no gloves)
Will    .....                   (no boots)
Stlth   +.........              (no amulet)
HPRegen 0.09/turn               (no ring)
MPRegen 0.08/turn               (no ring)

@: lethally poisoned (0 -> -6)
A: no striking features
a: Renounce Religion, Recite, Vitalisation, Donate Gold


You were on level 2 of the Dungeon.
You worshipped Zin.
Zin was pleased with you.
You visited 1 branch of the dungeon, and saw 2 of its levels.

You collected 103 gold pieces.
You donated 10 gold pieces to Zin.

Inventory:

Hand Weapons
 a - a +0 falchion (weapon)
 f - a +0 club
 i - a +0 dagger
 j - a +0 short sword
 m - a +0 mace
 o - a +0 whip
Missiles
 r - 18 stones (quivered)
Armour
 b - a +0 animal skin (worn)
 e - a +1 pair of boots
 k - a +0 kite shield
 p - a +0 chain mail
Scrolls
 g - a scroll of magic mapping {unknown}
 h - a scroll of vulnerability {unknown}
 n - a scroll of teleportation {unknown}
Potions
 c - a potion of haste {unknown}
 d - 2 potions of degeneration {unknown}
 l - a potion of attraction {unknown}
 q - a potion of mutation {unknown}


   Skills:
 + Level 3.3 Fighting
 + Level 3.4 Long Blades
 + Level 2.2 Armour
 + Level 2.5 Dodging
 + Level 0.1 Stealth


You had 2 spell levels left.
You didn't know any spells.
Your spell library contained the following spells:

 Spells                   Type           Power      Damage    Failure   Level
 Gell's Gravitas          Tloc           0%         N/A       80%         3
 Lesser Beckoning         Tloc           0%         N/A       80%         3
 Teleport Other           Tloc           0%         N/A       80%         3


Dungeon Overview and Level Annotations

Branches:
Dungeon (2/15)

Altars:
Zin

Shops:
D:1 ?


Message History

The giant cockroach misses you. The gnoll hits you with a +0 whip!
You hit the giant cockroach.
The giant cockroach is moderately wounded.
The giant cockroach misses you. The gnoll hits you with a +0 whip.
The giant cockroach bites you but does no damage.
You hit the giant cockroach.
You kill the giant cockroach!
The gnoll hits you with a +0 flail.
You hit the gnoll.
The gnoll is lightly wounded.
The gnoll barely misses you. The gnoll hits you with a +0 whip!
* * * LOW HITPOINT WARNING * * *
You hit the gnoll but do no damage.
The gnoll is lightly wounded.
The gnoll hits you with a +0 flail.
* * * LOW HITPOINT WARNING * * *
The gnoll completely misses you. The gnoll attacks as you move away!
The gnoll misses you. The gnoll attacks as you move away!
The gnoll closely misses you.
An adder comes into view.
The adder hisses angrily.
The gnoll throws a poisoned dart.
The poisoned dart closely misses you.
You hit the adder.
The adder is lightly wounded.
The adder misses you.
You barely miss the adder.
The adder is lightly wounded.
The adder bites you but does no damage.
You closely miss the adder.
The adder is lightly wounded.
The adder bites you but does no damage.
The gnoll throws a poisoned dart.
The poisoned dart hits you!
You are lethally poisoned!
A gnoll comes into view. It is wielding a +0 flail.
The adder barely misses you.
You barely miss the adder.
The adder is lightly wounded.
* * * LOW HITPOINT WARNING * * *
You feel sick. The adder bites you but does no damage.
You die...

###.....#.........#
.....#.....#.....#. ..
..†....###...>..... #..
..<.....##.......#. ....
...............#####....
........................
.......#................
.......#................
.......###......@.## .......#
#.###..S..# ###.######.#
##..#g# #.#####..###...#g#
#............#...###
#............#....###########.
#.................gg..........
##...........##.g.#....##### .
#.#.#........###.####....###.


You could see 2 gnolls and an adder.

Vanquished Creatures
  A dart slug (D:1)
  2 ball pythons
  An endoplasm (D:2)
  3 giant cockroaches
  2 hobgoblins
  6 jackals
  A quokka (D:1)
  3 bats (D:1)
  2 kobolds (D:1)
  4 rats
25 creatures vanquished.

Vanquished Creatures (others)
  A plant (D:1)
1 creature vanquished.

Grand Total: 26 creatures vanquished

Notes
Turn   | Place    | Note
-------+----------+-------------------------------------------
     0 | D:1      | FunnyHarvester the Human Berserker began the quest for the
                  | Orb.
     0 | D:1      | Reached XP level 1. HP: 18/18 MP: 1/1
   332 | D:1      | Reached XP level 2. HP: 24/24 MP: 2/2
   760 | D:1      | Found Hosoxep's Magic Scroll Emporium.
  1095 | D:2      | Reached XP level 3. HP: 25/29 MP: 3/3
  1359 | D:2      | Found a faded altar of an unknown god.
  1359 | D:2      | Noticed an ice devil
  1368 | D:2      | Prayed at the altar of an unknown god.
  1368 | D:2      | Fell from the grace of Trog
  1368 | D:2      | Became a worshipper of Zin the Law-Giver
  1368 | D:2      | Reached * piety under Zin
  1368 | D:2      | Reached ** piety under Zin
  1435 | D:2      | HP: 1/29 [poisoned by a gnoll]
  1436 | D:2      | Succumbed to a gnoll's poison

Illustrated notes

Levels and vault maps discovered:
D:1:      giann_bridges, layout_loops_ring, serial_shops, shop,
          dk_noncrumbling_4, minmay_3d_cube
D:2:      layout_rooms, dreamdust_ecumenical_altar_sealed_demon,
          minmay_misc_feat_five, minivault_14, hangedman_decor_lopped

Action                   || total
-------------------------++-------
Melee: Falchion          ||   103
  Use: Scroll            ||     1
 Stab: Sleeping          ||     1
Armor: Animal skin       ||    44
Dodge: Dodged            ||   108

Table legend: (Time is in decaauts)
 A = Elapsed time spent in this place.
 B = Non-inter-level travel time spent in this place.
 C = Inter-level travel time spent in this place.
 D = Time resting spent in this place.
 E = Time spent auto-exploring this place.
 F = Levels seen in this place.
 G = Mean time per level.
                   A        B        C        D        E       F      G
               +--------+--------+--------+--------+--------+-----+--------+
         Total |   1452 |   1075 |    377 |      0 |    800 |   2 |  726.0 |
       Dungeon |   1452 |   1075 |    377 |      0 |    800 |   2 |  726.0 |
               +--------+--------+--------+--------+--------+-----+--------+

Top non-repeatable levels by time:
     D:1: 1063 daAuts
     D:2: 389 daAuts
